 Dungeon Crawl Stone Soup version 0.24-a0-335-g06ca16a (webtiles) character file.

Game seed: 1286231925661352720

225102 tilp the Ninja (level 18, -5/95 HPs)
             Began as a Spriggan Enchanter on May 14, 2019.
             Was the Champion of Dithmenos.
             Killed by the raging water
             ... invoked by a water nymph
              (34 damage)
             ... on level 4 of the Shoals on May 19, 2019.
             The game lasted 03:50:40 (46435 turns).

tilp the Ninja (Spriggan Enchanter)                Turns: 46435, Time: 03:50:41

Health: -5/95      AC:  9    Str:  6    XL:     18   Next: 61%
Magic:  27/28      EV: 32    Int: 28    God:    Dithmenos [******]
Gold:   994        SH:  9    Dex: 21    Spells: 3/29 levels left

rFire    + . .     SeeInvis +   a - +3 dagger (venom)
rCold    + . .     Gourm    .   s - +0 buckler
rNeg     + + .     Faith    .   d - +2 robe {rF+}
rPois    .         Spirit   .   L - +2 hat of Jajauxtu {rN+ rCorr Slay+2}
rElec    +         Reflect  .   g - +2 cloak
rCorr    +         Harm     .   (gloves unavailable)
MR       +++..                  (boots unavailable)
Stlth    +++++++++.             P - amulet of the acrobat
HPRegen  0.25/turn              F - ring "Hettumaguo" {rElec rC+ rN+ Str+2 Int+6}
MPRegen  0.21/turn              Z - ring "Roiddodgh" {Dex+2 Slay+5 Stlth+}

@: confusing touch, wreathed by umbra, lightly drained, slow
A: very small, unfitting armour, see invisible, herbivore, speed 3, slow
metabolism 2
}: 1/15 runes: serpentine
a: Shadow Step, Shadow Form, Renounce Religion


You were on level 4 of the Shoals.
You worshipped Dithmenos.
Dithmenos was exalted by your worship.
You were not hungry.

You visited 6 branches of the dungeon, and saw 32 of its levels.
You also visited: Gauntlet and Ice Cave.

You collected 3627 gold pieces.
You spent 2633 gold pieces at shops.

Inventory:

Hand Weapons
 a - a +3 dagger of venom (weapon)
 b - the +6 short sword of Nacizet {pierce, *Rage rC+ MR+}
   (You found it on level 10 of the Dungeon)

   It inflicts extra damage upon your enemies.
   It protects you from cold.
   It affects your resistance to hostile enchantments.
   It may make you go berserk in combat.
Missiles
 B - 6 throwing nets
 M - 10 curare-tipped darts (quivered)
Armour
 d - a +2 robe of fire resistance (worn)
 f - +0 swamp dragon scales
 g - a +2 cloak (worn)
 s - a +0 buckler (worn)
 L - the +2 hat of Jajauxtu (worn) {rN+ rCorr Slay+2}
   (You found it on level 8 of the Dungeon)

   It affects your accuracy and damage with ranged weapons and melee attacks
   (+2).
   It protects you from negative energy.
   It provides partial protection from all sources of acid and corrosion.
Jewellery
 A - the ring of the Mage {Wiz MR++ Int+3}
   (You bought it in a shop on level 6 of the Dungeon)

   [ring of wizardry]

   It improves your spell success rate.
   It affects your intelligence (+3).
   It affects your resistance to hostile enchantments.
 D - the ring of Jealousy {Fire +Inv rPois Int+3 SInv}
   (You took it off a tengu reaver on level 12 of the Dungeon)

   [ring of fire]

   It enhances your fire magic.
   It affects your intelligence (+3).
   It protects you from fire.
   It makes you vulnerable to cold.
   It protects you from poison.
   It lets you see invisible.
   It lets you turn invisible.
 F - the ring "Hettumaguo" (left hand) {rElec rC+ rN+ Str+2 Int+6}
   (You found it on level 7 of the Dungeon)

   [ring of intelligence]

   It affects your strength (+2).
   It affects your intelligence (+6).
   It protects you from cold.
   It insulates you from electricity.
   It protects you from negative energy.
 H - a +3 ring of protection
 P - an amulet of the acrobat (around neck)
 Y - an uncursed ring of flight
 Z - the ring "Roiddodgh" (right hand) {Dex+2 Slay+5 Stlth+}
   (You bought it in a shop on level 6 of the Dungeon)

   [ring of dexterity]

   It affects your dexterity (+2).
   It affects your accuracy and damage with ranged weapons and melee attacks
   (+5).
   It makes you more stealthy.
Wands
 o - a wand of flame (33)
 v - a wand of enslavement (4)
 C - a wand of disintegration (10)
 G - a wand of digging (14)
 Q - a wand of acid (7)
 W - a wand of scattershot (3)
 X - a wand of iceblast (41)
Scrolls
 e - 14 scrolls of remove curse
 h - 3 scrolls of fog
 i - a scroll of holy word
 j - 13 scrolls of teleportation
 q - 4 scrolls of amnesia
 t - 8 scrolls of blinking
 u - a scroll of magic mapping
 z - a scroll of summoning
 I - 5 scrolls of identify
 K - 2 scrolls of fear
 O - 7 scrolls of enchant weapon
 S - 5 scrolls of vulnerability
 T - 5 scrolls of enchant armour
Potions
 k - 7 potions of might
 l - 4 potions of brilliance
 m - 9 potions of curing
 n - 3 potions of magic
 r - 3 potions of heal wounds
 w - 7 potions of haste
 x - 6 potions of mutation
 E - 3 potions of invisibility
 J - 7 potions of agility
 R - 2 potions of resistance
 U - a potion of cancellation
Miscellaneous
 p - a box of beasts
 y - 2 phantom mirrors
 N - a lightning rod (4/4)
 V - a fan of gales
Comestibles
 c - 16 rations


   Skills:
 + Level 10.3(10.0) Fighting
 - Level 10.0(9.7) Short Blades
 - Level 15.0(14.6) Dodging
 O Level 27(26.5) Stealth
 - Level 7.2(6.9) Shields
 - Level 6.0(5.7) Spellcasting
 - Level 14.0(13.6) Hexes
 - Level 6.0(5.7) Charms
 - Level 4.0(3.7) Necromancy
 - Level 6.0(5.7) Translocations
 - Level 12.0(11.6) Invocations
 - Level 8.0(7.7) Evocations


You had 3 spell levels left.
You knew the following spells:

 Your Spells              Type           Power        Failure   Level  Hunger
a - Passage of Golubria   Tloc           N/A          6%          4    ###....
b - Ensorcelled Hibernat  Hex/Ice        #####.       1%          2    None
c - Confusing Touch       Hex            ######       1%          1    None
d - Confuse               Hex            ######..     1%          3    None
e - Tukima's Dance        Hex            ######..     1%          3    None
f - Animate Skeleton      Necr           N/A          1%          1    None
g - Apportation           Tloc           #####.       1%          1    None
h - Regeneration          Chrm/Necr      ####......   2%          3    None
i - Summon Butterflies    Summ           #.......     6%          1    None
k - Ozocubu's Armour      Chrm/Ice       ###.....     6%          3    None
l - Shroud of Golubria    Chrm/Tloc      #####.....   1%          2    None
m - Blink                 Tloc           N/A          1%          2    None

Your spell library contained the following spells:

 Spells                   Type           Power        Failure   Level  Hunger
 Corona                   Hex            ######.      1%          1    None
 Infusion                 Chrm           ####         1%          1    None
 Pain                     Necr           ####         1%          1    None
 Song of Slaying          Chrm           #####...     1%          2    None
 Dazzling Spray           Conj/Hex       #####.       1%          3    None
 Gell's Gravitas          Tloc           #####.....   1%          3    None
 Inner Flame              Hex/Fire       #####...     1%          3    None
 Lesser Beckoning         Tloc           #####.....   1%          3    None
 Spectral Weapon          Hex/Chrm       ######..     1%          3    None
 Teleport Other           Tloc           #####...     1%          3    None
 Swiftness                Chrm/Air       ###.....     3%          2    None
 Vampiric Draining        Necr           ####......   4%          3    None
 Beastly Appendage        Tmut           #.....       6%          1    None
 Flame Tongue             Conj/Fire      #....        6%          1    None
 Freeze                   Ice            #...         6%          1    None
 Magic Dart               Conj           #...         6%          1    None
 Summon Small Mammal      Summ           #...         6%          1    None
 Passwall                 Tmut/Erth      #.......     10%         2    None
 Poisonous Vapours        Pois/Air       #.....       10%         2    None
 Searing Ray              Conj           #.....       10%         2    None
 Sticks to Snakes         Tmut           #.......     10%         2    None
 Throw Flame              Conj/Fire      #.....       10%         2    None
 Throw Frost              Conj/Ice       #.....       10%         2    None
 Call Canine Familiar     Summ           #.......     19%         3    None
 Conjure Flame            Conj/Fire      #.......     19%         3    None
 Mephitic Cloud           Conj/Pois/Air  #.......     19%         3    None
 Spider Form              Tmut/Pois      #.........   19%         3    None
 Fulminant Prism          Conj/Hex       #####.....   3%          4    ###....
 Summon Mana Viper        Hex/Summ       #####...     11%         5    #####..
 Animate Dead             Necr           N/A          13%         4    ###....
 Force Lance              Conj/Tloc      ###.....     19%         4    ###....
 Excruciating Wounds      Chrm/Necr      ####......   24%         5    #####..
 Ice Form                 Ice/Tmut       #.......     52%         4    ###....
 Iskenderun's Mystic Bla  Conj           #.......     52%         4    ###....
 Sticky Flame             Conj/Fire      #.......     52%         4    ###....
 Summon Ice Beast         Ice/Summ       #.......     52%         4    ###....
 Throw Icicle             Conj/Ice       #.......     52%         4    ###....
 Blade Hands              Tmut           #.........   86%         5    #####..
 Fireball                 Conj/Fire      #.........   86%         5    #####..
 Freezing Cloud           Conj/Ice/Air   #.........   100%        6    ######.
 Dragon Form              Tmut           #.........   100%        7    #######
 Ring of Flames           Chrm/Fire      ###.......   100%        7    #######
 Summon Hydra             Summ           #.........   100%        7    #######


Dungeon Overview and Level Annotations

Branches:
Dungeon (15/15)            Temple (1/1) D:5            Lair (6/6) D:11
 Shoals (4/4) Lair:3        Snake (4/4) Lair:2        Slime (0/5) Lair:5
    Orc (2/2) D:10            Elf (0/3) Orc:2        Depths (0/5) D:15
 Vaults: D:13-14

Altars:
Ashenzari
Cheibriados
Dithmenos
Elyvilon
Fedhas
Gozag
Hepliaklqana
Kikubaaqudgha
Makhleb
Nemelex Xobeh
Okawaru
Qazlal
Sif Muna
Trog
Vehumet
Wu Jian
Xom
Yredelemnul
Zin
The Shining One
Jiyva

Shops:
D:6 [??=[   D:7 }   Orc:2 (!![   Shoals:3 *   Shoals:4 =

Annotations:
Lair:5 Yroustr Jeul's ghost, journeyman MiBe
Lair:6 3 runed translucent doors, exclusion: 2 oklob plants, tilp's ghost, journeyman SpEn
Shoals:1 exclusion: Roxanne, Roxanne
Shoals:4 5 exclusions, Ilsuiw


Innate Abilities, Weirdness & Mutations

You are very small and have problems with some larger weapons.
You are too small for most types of armour.
You have supernaturally acute eyesight. (SInv)
You are a herbivore.
You cover ground extremely quickly.
You need to consume almost no food.


Message History

You closely miss the water nymph.
The water nymph is moderately wounded.
The water nymph misses you.
Your unstable footing causes you to fumble your attack.
Your unstable footing causes you to fumble your attack.
The water nymph points at you and mumbles some strange words.
The water swirls and strikes you!
Your unstable footing causes you to fumble your attack.
You puncture the water nymph!
The water nymph looks as sick as possible!
The water nymph is heavily wounded.
You block the water nymph's attack.
Casting: Confusing Touch (safe; 1% risk of failure)
Confirm with . or Enter, or press ? or * to list all spells.
Your hands begin to glow red.
The water nymph misses you.
Your unstable footing causes you to fumble your attack.
Your unstable footing causes you to fumble your attack.
The water nymph gestures at you while chanting.
The water swirls and strikes you!
You die...

.≈≈≈≈≈..........[...#..≈.PP≈≈≈≈≈≈
≈≈≈≈....................P≈PP≈≈≈≈≈
≈≈≈≈...........#......<≈PPPPP≈≈≈≈
≈≈≈............#..###P.≈PPP.≈≈≈≈≈
≈≈≈...............###..≈PP≈.PP≈≈≈
≈≈.............§§§..≈≈≈PP≈≈≈≈≈≈≈
≈.............§§§§≈≈P≈≈≈≈≈≈≈≈≈
..............§§§§§≈≈P≈≈≈≈≈≈≈≈
.............§≈§@§§≈≈..≈≈≈≈≈≈≈≈
}.............≈≈m§§§....≈≈≈≈≈≈≈≈
.............≈≈§§§.§...≈≈≈≈≈≈≈≈≈≈
.........≈≈≈≈≈≈≈..####≈≈≈...≈≈≈≈≈
.........≈≈≈≈≈≈≈.#####.≈≈...≈≈≈≈≈
........≈≈≈≈≈≈≈≈...##.....≈≈≈≈≈≈≈
......≈.≈≈≈≈≈≈≈≈≈........≈≈≈≈≈≈≈≈
###....≈≈≈≈≈≈≈≈≈≈........≈≈≈≈≈≈≈≈
.≈##.≈m≈≈≈≈≈≈≈≈≈≈....≈≈≈.≈≈≈≈≈≈≈≈


You could see a water nymph.

Vanquished Creatures
  Jorgrun (Shoals:1)
  Kirke (Shoals:1)
  Agnes (Snake:4)
  2 tengu reavers (D:12)
  Donald (Shoals:1)
  5 nagarajas
  A fire giant (D:12)
  A frost giant (D:12)
  Aizul (Snake:4)
  2 entropy weavers (Lair:4)
  Nessos (D:12)
  Snorg (Lair:5)
  4 fire dragons
  2 merfolk javelineers
  4 merfolk impalers
  Harold (D:10)
  9 hydras
  2 merfolk avatars (Shoals:2)
  8 centaur warriors
  17 naga warriors
  11 anacondas
  An alligator snapping turtle (Shoals:1)
  7 two-headed ogres
  A queen ant (Lair:4)
  5 satyrs
  A death knight (D:9)
  Urug (D:12)
  7 naga sharpshooters (Snake:4)
  Sonja (D:13)
  9 shock serpents
  2 salamander mystics
  10 sea snakes
  A swamp dragon (Lair:6)
  2 unseen horrors
  A wizard (D:15)
  A skeletal warrior (D:13)
  18 harpies
  8 naga ritualists
  9 ugly things
  2 lindwurms (Lair:6)
  3 orc knights
  A wolf spider zombie (D:14)
  14 mana vipers
  A wolf spider (D:13)
  17 salamanders
  9 cyclopes
  2 orc sorcerers
  A deep elf mage (D:13)
  The ghost of Stiffzip the Covert, a novice SpEn (D:10)
  An oklob plant (D:11)
  20 fauns
  12 elephants
  The ghost of Hylith the Cudgeler, a novice TrFi (D:5)
  8 merfolk sirens
  9 manticores
  2 ice statues (IceCv)
  A centaur zombie (D:13)
  41 black mambas
  5 guardian serpents
  4 water nymphs
  14 spiny frogs
  26 naga magi
  6 torpor snails (Lair:6)
  6 rime drakes
  5 yaktaurs (D:15)
  2 efreet (D:12)
  10 ice devils (IceCv)
  2 kobold demonologists
  11 komodo dragons
  A queen bee (Lair:2)
  A meliai (shapeshifter) (D:12)
  2 anaconda simulacra (IceCv)
  25 merfolk
  A golden dragon simulacrum (IceCv)
  5 trolls
  6 polar bears
  7 wind drakes
  7 hornets (Lair:6)
  6 slime creatures (D:12)
  3 tyrant leeches (Lair:6)
  3 snapping turtles
  9 blink frogs
  15 hippogriffs
  19 dream sheep
  Sigmund (D:2)
  A redback (shapeshifter) (D:13)
  3 wyverns
  11 wraiths
  38 yaks
  3 water elementals
  A dire elephant simulacrum (IceCv)
  4 hogs
  A human (D:8)
  A golden eye (shapeshifter) (D:15)
  6 basilisks
  A hungry ghost (D:9)
  5 steam dragons
  3 vampire mosquitoes
  2 wargs
  Menkaure (D:5)
  3 harpy simulacra (IceCv)
  38 nagas
  A hydra simulacrum (IceCv)
  5 acid dragons
  5 soldier ants (Lair:4)
  2 iron troll simulacra (IceCv)
  13 water moccasins
  10 porcupines
  37 orc warriors
  Purgy (D:3)
  4 ice beasts
  5 sky beasts
  An eye of draining (D:12)
  3 phantoms
  11 ogres
  A necrophage (D:12)
  2 black bears (D:11)
  6 wolves
  27 centaurs
  18 crocodiles
  3 big kobolds (D:13)
  14 bullfrogs
  A gnoll sergeant (D:8)
  2 scorpions
  30 killer bees
  6 howler monkeys
  3 electric eels
  10 crimson imps
  3 bullfrog zombies
  2 quasits
  6 hounds
  24 orc wizards
  13 orc priests
  3 centaur skeletons
  4 jellies
  2 bullfrog skeletons
  7 iguanas
  14 worker ants
  Terence (D:2)
  A hound zombie (D:6)
  Robin (D:2)
  A hound skeleton (D:5)
  2 worker ant zombies (D:5)
  4 howler monkey skeletons
  3 gnolls
  A river rat (Lair:2)
  9 adders
  6 shadow imps
  2 oozes (D:3)
  An adder skeleton (D:8)
  5 worms
  3 dart slugs (D:1)
  2 leopard geckos
  97 orcs
  3 ball pythons
  10 giant cockroaches
  21 goblins
  4 hobgoblins
  15 jackals
  4 quokkas
  A ball python skeleton (D:4)
  11 bats
  3 frilled lizards
  A jackal zombie (D:5)
  12 kobolds
  A quokka zombie (D:7)
  8 rats
  A plant (D:11)
1164 creatures vanquished.

Vanquished Creatures (collateral kills)
  A naga warrior (Snake:4)
  A naga mage (Snake:4)
  3 nagas (Snake:4)
5 creatures vanquished.

Vanquished Creatures (others)
  5 dancing weapons
  A harpy (Shoals:1)
  5 dream sheep (D:4)
  An orc (Orc:1)
  6 fungi
  32 plants
50 creatures vanquished.

Grand Total: 1219 creatures vanquished

Notes
Turn   | Place    | Note
-------+----------+-------------------------------------------
     0 | D:1      | tilp the Spriggan Enchanter began the quest for the Orb.
     0 | D:1      | Reached XP level 1. HP: 9/9 MP: 5/5
   214 | D:1      | Reached XP level 2. HP: 5/13 MP: 4/7
   218 | D:1      | Learned a level 2 spell: Ensorcelled Hibernation
   801 | D:1      | Reached skill level 5 in Stealth
  1509 | D:2      | Reached XP level 3. HP: 12/16 MP: 3/8
  1645 | D:2      | Found a radiant altar of Vehumet.
  1787 | D:2      | Noticed Sigmund
  2171 | D:2      | Noticed Robin
  2441 | D:2      | Killed Robin
  2441 | D:2      | Reached XP level 4. HP: 21/21 MP: 1/10
  2558 | D:2      | Noticed Terence
  2574 | D:2      | Killed Terence
  2574 | D:2      | Reached skill level 6 in Stealth
  2669 | D:2      | Killed Sigmund
  2669 | D:2      | Reached skill level 7 in Stealth
  2669 | D:2      | Reached XP level 5. HP: 24/24 MP: 6/12
  2675 | D:2      | Learned a level 1 spell: Confusing Touch
  2679 | D:2      | Learned a level 3 spell: Confuse
  2683 | D:2      | Learned a level 3 spell: Tukima's Dance
  2685 | D:2      | Learned a level 1 spell: Animate Skeleton
  2687 | D:2      | Learned a level 1 spell: Apportation
  3127 | D:3      | Reached XP level 6. HP: 28/28 MP: 13/13
  3316 | D:3      | Noticed Purgy
  3323 | D:3      | Killed Purgy
  3323 | D:3      | Reached skill level 8 in Stealth
  3548 | D:3      | Found a bloodstained altar of Trog.
  3580 | D:3      | Found a faded altar of an unknown god.
  3587 | D:3      | Found a snail-covered altar of Cheibriados.
  3673 | D:3      | Reached skill level 5 in Short Blades
  3976 | D:4      | Reached skill level 1 in Shields
  4461 | D:4      | Reached XP level 7. HP: 32/32 MP: 14/14
  4777 | D:4      | Found an ornate altar of the Wu Jian Council.
  4791 | D:4      | Noticed a dream sheep
  4791 | D:4      | Noticed a dream sheep
  4791 | D:4      | Noticed a dream sheep
  4791 | D:4      | Noticed a dream sheep
  4791 | D:4      | Noticed a dream sheep
  4791 | D:4      | Found a shimmering altar of Xom.
  4797 | D:4      | Killed a dream sheep
  4798 | D:4      | Killed a dream sheep
  4798 | D:4      | Killed a dream sheep
  4798 | D:4      | Killed a dream sheep
  4798 | D:4      | Killed a dream sheep
  5074 | D:5      | Entered Level 5 of the Dungeon
  5074 | D:5      | Noticed Menkaure
  5899 | D:5      | Found a glowing silver altar of Zin.
  5904 | D:5      | Found a runed translucent gate.
  5921 | D:5      | Found a runed translucent gate.
  5921 | D:5      | Found a runed translucent gate.
  5921 | D:5      | Noticed Hylith's ghost (novice TrFi)
  5931 | D:5      | Reached XP level 8. HP: 34/36 MP: 15/15
  6099 | D:5      | Found a staircase to the Ecumenical Temple.
  6209 | D:5      | Reached skill level 5 in Shields
  6326 | D:5      | Killed Menkaure
  6415 | Temple   | Entered the Ecumenical Temple
  6464 | Temple   | Became a worshipper of Dithmenos the Shadowed
  6793 | D:6      | Found Xerus's Antique Armour Boutique.
  6793 | D:6      | Found Huacso's Jewellery Boutique.
  6894 | D:6      | Found a shattered altar of Ashenzari.
  6901 | D:6      | Reached skill level 5 in Hexes
  7066 | D:6      | Found Doutock's Magic Scroll Shop.
  7092 | D:6      | Found Faeligaq's Magic Scroll Boutique.
  7113 | D:6      | Bought a scroll of noise for 13 gold pieces
  7300 | D:6      | Found Paojinge's Armour Emporium.
  7364 | D:6      | Found a glowing golden altar of the Shining One.
  7541 | D:6      | Bought a scroll of identify for 26 gold pieces
  7597 | D:6      | Bought a glowing hat for 203 gold pieces
  7966 | D:7      | Found Acoec's Gadget Shop.
  7979 | D:7      | Found a stormy altar of Qazlal.
  8000 | D:7      | Reached XP level 9. HP: 39/39 MP: 16/16
  8001 | D:7      | Upgraded the game from 0.24-a0-309-g1095bca to
                  | 0.24-a0-312-g16217b4
  8142 | D:7      | Reached * piety under Dithmenos
  8492 | D:7      | Noticed a two-headed ogre
  8506 | D:7      | Killed a two-headed ogre
  8511 | D:7      | Got a shimmering gossamer ring
  8868 | D:6      | Bought a scroll of identify for 26 gold pieces
  8881 | D:7      | Identified the ring "Hettumaguo" {rElec rC+ rN+ Str+2
                  | Int+6} (You found it on level 7 of the Dungeon)
  8957 | D:8      | Found a sparkling altar of Nemelex Xobeh.
  8967 | D:7      | Reached skill level 1 in Fighting
  9423 | D:8      | Reached skill level 5 in Dodging
  9502 | D:8      | Got a twisted hat
  9505 | D:8      | Identified the Almanac of Shape Shifting
  9507 | D:8      | Identified the +2 hat of Jajauxtu {rN+ rCorr Slay+2} (You
                  | found it on level 8 of the Dungeon)
  9636 | D:8      | Noticed a troll
  9643 | D:8      | Killed a troll
  9697 | D:8      | Reached XP level 10. HP: 39/48 MP: 5/17
  9925 | D:9      | Noticed a two-headed ogre
  9934 | D:9      | Reached ** piety under Dithmenos
 10426 | D:9      | Killed a two-headed ogre
 10426 | D:9      | Reached skill level 9 in Stealth
 10504 | D:9      | Found a snail-covered altar of Cheibriados.
 10578 | D:9      | Reached skill level 10 in Stealth
 10589 | D:9      | Found a glowing silver altar of Zin.
 10772 | D:9      | Found an ancient bone altar of Kikubaaqudgha.
 10775 | D:9      | Noticed a death knight
 10777 | D:9      | Found a basalt altar of Yredelemnul.
 11007 | D:9      | Found a transporter.
 11009 | D:9      | Found a transporter.
 11137 | D:10     | Entered Level 10 of the Dungeon
 11279 | D:10     | Found a runed translucent gate.
 11279 | D:10     | Found a runed translucent gate.
 11279 | D:10     | Found a runed translucent gate.
 11284 | D:10     | Noticed Stiffzip's ghost (novice SpEn)
 11296 | D:10     | Found a staircase to the Orcish Mines.
 11313 | D:10     | Noticed Harold
 11319 | D:10     | Killed Harold
 11319 | D:10     | Reached skill level 11 in Stealth
 11433 | D:10     | Got a bloodstained short sword
 11834 | D:11     | Found a gate leading to a gauntlet.
 11856 | Gauntlet | Entered a Gauntlet
 11856 | Gauntlet | Found a transporter.
 11856 | Gauntlet | Found a transporter.
 11874 | Gauntlet | Found a transporter.
 11878 | Gauntlet | Found a transporter.
 11880 | Gauntlet | Noticed a gargoyle
 11882 | Gauntlet | Found a runed translucent door.
 11884 | Gauntlet | Found a runed translucent door.
 11886 | Gauntlet | Found a transporter.
 11890 | Gauntlet | Found a transporter.
 11892 | Gauntlet | Noticed a death yak
 11893 | Gauntlet | Noticed a death yak
 11894 | Gauntlet | Noticed a necromancer
 11895 | Gauntlet | Noticed a death yak
 11895 | Gauntlet | Noticed a death yak
 11896 | Gauntlet | Noticed a death yak
 11897 | Gauntlet | Noticed a death yak
 11899 | Gauntlet | Found a transporter.
 11912 | Gauntlet | Found a runed translucent door.
 11916 | Gauntlet | Found a transporter.
 11923 | Gauntlet | Noticed an obsidian statue
 11929 | Gauntlet | Found a transporter.
 11933 | Gauntlet | Found a transporter.
 11944 | Gauntlet | Found a transporter.
 11945 | Gauntlet | Found a transporter.
 11945 | Gauntlet | Noticed a queen ant
 11971 | Gauntlet | Noticed a death ooze
 12128 | D:10     | Reached skill level 12 in Stealth
 12128 | D:10     | Reached XP level 11. HP: 34/52 MP: 13/18
 12253 | D:11     | Noticed a two-headed ogre
 12257 | D:11     | Killed a two-headed ogre
 12461 | D:11     | Reached *** piety under Dithmenos
 12582 | D:11     | Noticed an oklob plant
 12675 | D:11     | Noticed a two-headed ogre
 12677 | D:11     | Killed a two-headed ogre
 12737 | D:11     | Reached skill level 5 in Spellcasting
 12782 | D:11     | Noticed a five-headed hydra
 13370 | D:11     | Identified the +6 short sword of Nacizet {pierce, *Rage rC+
                  | MR+} (You found it on level 10 of the Dungeon)
 13462 | D:11     | Found a staircase to the Lair.
 13501 | D:11     | Killed an oklob plant
 13515 | D:11     | Killed a five-headed hydra
 13640 | Lair:1   | Entered Level 1 of the Lair of Beasts
 13890 | Lair:1   | Reached skill level 13 in Stealth
 14255 | Lair:1   | Reached skill level 10 in Dodging
 14263 | Lair:1   | Reached XP level 12. HP: 58/58 MP: 10/22
 14265 | Lair:1   | Reached skill level 10 in Hexes
 14348 | Lair:1   | Noticed a five-headed hydra
 14353 | Lair:1   | Killed a five-headed hydra
 14816 | Lair:2   | Reached skill level 5 in Fighting
 14825 | Lair:2   | Found a staircase to the Snake Pit.
 15224 | Lair:2   | Reached skill level 14 in Stealth
 15409 | Lair:2   | Reached **** piety under Dithmenos
 15572 | Lair:2   | Noticed a five-headed hydra
 15581 | Lair:2   | Killed a five-headed hydra
 15581 | Lair:2   | Reached skill level 10 in Short Blades
 16094 | Lair:2   | Noticed an eight-headed hydra
 16295 | Lair:2   | Killed an eight-headed hydra
 16295 | Lair:2   | Reached skill level 15 in Stealth
 16700 | Lair:3   | Upgraded the game from 0.24-a0-312-g16217b4 to
                  | 0.24-a0-317-g5cb8de4
 17122 | Lair:3   | Found a staircase to the Shoals.
 17165 | Lair:3   | Reached XP level 13. HP: 65/65 MP: 18/23
 17554 | Lair:3   | Learned a level 3 spell: Regeneration
 18107 | Lair:4   | Reached skill level 15 in Dodging
 18164 | Lair:4   | Reached skill level 1 in Invocations
 18164 | Lair:4   | Reached skill level 1 in Evocations
 18411 | Lair:4   | Noticed an entropy weaver
 18440 | Lair:4   | Reached ***** piety under Dithmenos
 18502 | Lair:4   | Killed an entropy weaver
 18503 | Lair:4   | Noticed an entropy weaver
 18510 | Lair:4   | HP: 2/65 [entropy weaver (15)]
 18701 | Lair:4   | Killed an entropy weaver
 19246 | Lair:5   | Noticed Snorg
 19248 | Lair:5   | Reached skill level 5 in Evocations
 19253 | Lair:5   | Killed Snorg
 19603 | Lair:5   | Reached skill level 5 in Invocations
 19652 | Lair:5   | Found a staircase to the Slime Pits.
 19653 | Lair:5   | Found a viscous altar of Jiyva.
 19664 | Lair:5   | Found a transporter.
 19945 | Lair:5   | Found a transporter.
 19948 | Lair:5   | Noticed Yroustr Jeul's ghost (journeyman MiBe)
 20112 | Lair:6   | Entered Level 6 of the Lair of Beasts
 20112 | Lair:6   | Found a runed translucent gate.
 20203 | Lair:6   | Found a runed translucent gate.
 20205 | Lair:6   | Found a runed translucent gate.
 20247 | Lair:6   | Noticed a death ooze
 20248 | Lair:6   | Noticed a death ooze
 20248 | Lair:6   | Noticed tilp's ghost (journeyman SpEn)
 20250 | Lair:6   | Found a viscous altar of Jiyva.
 20592 | Lair:6   | Reached XP level 14. HP: 70/70 MP: 24/24
 20906 | Lair:6   | Reached skill level 16 in Stealth
 21416 | Lair:6   | Found a runed translucent door.
 22213 | Lair:6   | Reached skill level 17 in Stealth
 22951 | Orc:1    | Entered Level 1 of the Orcish Mines
 23158 | Orc:1    | Reached ****** piety under Dithmenos
 23687 | Orc:2    | Entered Level 2 of the Orcish Mines
 23777 | Orc:2    | Found a staircase to the Elven Halls.
 24483 | Orc:2    | Reached skill level 18 in Stealth
 25090 | Orc:2    | Found Suokhluyn's Distillery.
 25090 | Orc:2    | Found Geblarph's Distillery.
 25092 | Orc:2    | Found Jeofon's Antique Weapon Boutique.
 25094 | Orc:2    | Found Irghoo Muol's Antique Armour Emporium.
 25108 | Orc:2    | Bought a potion of invisibility for 96 gold pieces
 25108 | Orc:2    | Bought a potion of resistance for 120 gold pieces
 25109 | Orc:2    | Bought a potion of cancellation for 96 gold pieces
 25109 | Orc:2    | Bought 2 potions of flight for 72 gold pieces
 25302 | D:6      | Bought a scroll of identify for 26 gold pieces
 25302 | D:6      | Bought a scroll of identify for 26 gold pieces
 25307 | D:6      | Bought a scroll of blinking for 97 gold pieces
 25350 | D:6      | Bought the ring "Roiddodgh" {Dex+2 Slay+5 Stlth+} for 536
                  | gold pieces
 25350 | D:6      | Bought the ring of the Mage {Wiz MR++ Int+3} for 723 gold
                  | pieces
 25350 | D:6      | Found the ring of the Mage {Wiz MR++ Int+3}
 25555 | D:12     | Noticed a frost giant
 25590 | D:12     | Got a brightly glowing trident
 25600 | D:12     | Noticed a tengu reaver
 25630 | D:12     | Killed a frost giant
 25753 | D:12     | Noticed Urug
 25870 | D:12     | Identified the ring of Jealousy {Fire +Inv rPois Int+3
                  | SInv}
 25870 | D:12     | Noticed a tengu reaver
 25874 | D:12     | Noticed Nessos
 26587 | D:12     | Killed a tengu reaver
 26687 | Orc:2    | Bought a potion of curing for 36 gold pieces
 26687 | Orc:2    | Bought a potion of curing for 36 gold pieces
 26687 | Orc:2    | Bought a potion of curing for 36 gold pieces
 26688 | Orc:2    | Bought a potion of curing for 36 gold pieces
 26833 | D:12     | Killed Nessos
 27241 | D:12     | Killed a tengu reaver
 27241 | D:12     | Reached skill level 19 in Stealth
 27241 | D:12     | Reached XP level 15. HP: 80/80 MP: 22/25
 27312 | D:12     | Identified the Compendium of Aid
 27315 | D:12     | Identified the +6 trident of Vengeance {elec, rF+ Str+4}
                  | (You found it on level 12 of the Dungeon)
 27409 | D:12     | Noticed a fire giant
 27432 | D:12     | Identified the +5 rapier of the Open Hand {venom, rPois
                  | Str+2}
 27741 | D:12     | Found an opulent altar of Gozag.
 27920 | D:12     | Killed a fire giant
 28204 | D:12     | Reached skill level 10 in Fighting
 28444 | D:12     | Learned a level 1 spell: Summon Butterflies
 28448 | D:12     | Learned a level 3 spell: Mephitic Cloud
 28452 | D:12     | Learned a level 3 spell: Ozocubu's Armour
 28455 | D:12     | Learned a level 2 spell: Shroud of Golubria
 28779 | D:13     | Learned a level 2 spell: Blink
 29082 | D:13     | Reached skill level 20 in Stealth
 29543 | D:13     | Reached skill level 1 in Charms
 29744 | D:13     | Noticed Sonja
 29761 | D:13     | Killed Sonja
 30278 | D:14     | Found an iron altar of Okawaru.
 30281 | D:14     | Reached skill level 5 in Charms
 30512 | D:15     | Entered Level 15 of the Dungeon
 30703 | D:15     | Reached skill level 1 in Translocations
 30747 | D:15     | Reached skill level 21 in Stealth
 30814 | D:15     | Found a staircase to the Depths.
 31362 | D:13     | Reached skill level 5 in Translocations
 31413 | D:12     | Killed Urug
 31548 | D:5      | Killed Hylith's ghost
 31886 | D:10     | Killed Stiffzip's ghost
 32306 | Lair:5   | HP: 3/80 [Yroustr Jeul's ghost (15)]
 32747 | Snake:1  | Entered Level 1 of the Snake Pit
 33002 | Snake:1  | Found a frozen archway.
 33015 | Snake:1  | Reached skill level 22 in Stealth
 33040 | IceCv    | Entered an ice cave
 33217 | IceCv    | Reached XP level 16. HP: 85/85 MP: 26/26
 33381 | IceCv    | Noticed an Ice Fiend
 33755 | Snake:1  | Reached skill level 1 in Necromancy
 34534 | Snake:1  | Reached skill level 23 in Stealth
 36673 | Snake:3  | Reached skill level 24 in Stealth
 37218 | Snake:3  | Reached XP level 17. HP: 83/89 MP: 12/27
 37257 | Snake:3  | Upgraded the game from 0.24-a0-317-g5cb8de4 to
                  | 0.24-a0-333-g864f2b5
 37316 | Snake:4  | Entered Level 4 of the Snake Pit
 39618 | Snake:4  | Noticed Aizul
 39638 | Snake:4  | Killed Aizul
 39667 | Snake:4  | Noticed Agnes
 39783 | Snake:4  | Killed Agnes
 39978 | Snake:4  | Reached skill level 25 in Stealth
 40627 | Snake:4  | Identified the +0 war axe "Fiher" {speed, rElec rC+}
 41453 | Snake:4  | Got a serpentine rune of Zot
 41704 | Shoals:1 | Entered Level 1 of the Shoals
 41712 | Shoals:1 | Identified Roxanne's Compendium of Earth
 41712 | Shoals:1 | Noticed Roxanne
 41737 | Shoals:1 | Noticed Donald
 41739 | Shoals:1 | Killed Donald
 41896 | Shoals:1 | Noticed Jorgrun
 41942 | Shoals:1 | Killed Jorgrun
 42265 | Shoals:1 | Reached skill level 26 in Stealth
 42599 | Shoals:1 | Noticed Kirke
 42764 | Shoals:1 | Killed Kirke
 42764 | Shoals:1 | Reached XP level 18. HP: 93/93 MP: 21/28
 43001 | Shoals:1 | Learned a level 4 spell: Passage of Golubria
 43041 | Shoals:2 | Reached skill level 10 in Invocations
 43436 | Shoals:1 | Upgraded the game from 0.24-a0-333-g864f2b5 to
                  | 0.24-a0-335-g06ca16a
 44741 | Shoals:3 | Reached skill level 27 in Stealth
 45128 | Shoals:3 | Found Samnooz's Assorted Antiques.
 45227 | Shoals:3 | Bought a scroll of identify for 66 gold pieces
 45227 | Shoals:3 | Bought a potion of mutation for 264 gold pieces
 45227 | Shoals:3 | Bought a scroll of teleportation for 99 gold pieces
 45645 | Shoals:4 | Entered Level 4 of the Shoals
 45697 | Shoals:4 | Noticed Ilsuiw
 45764 | Shoals:4 | Found Daozijam's Jewellery Emporium.
 46435 | Shoals:4 | Killed from afar by a water nymph

Levels and vault maps discovered:
D:1:      eino_arrival_water_star, layout_basic, minmay_crystal_water,
          minmay_heptomino_h4
D:2:      layout_basic, vehumet_crystals, uniq_robin, uniq_sigmund, uniq_terence
D:3:      layout_basic, nicolae_overflow_crystal_walls,
          chequers_ecumenical_altar_simple, lemuel_altar_in_water, uniq_purgy
D:4:      layout_rooms, kennysheep_mini, first_ration, kb_xom_exploding_sheep
D:5:      wander_river, layout_rooms, minmay_temple_entry_purple_smoke,
          ebering_ghost_rock_garden, basic_altar, small_statue_alley_b,
          uniq_menkaure
D:6:      layout_gridville, tso_oasis_becter, serial_shops, shop,
          nicolae_shop_waterfront, shop, shop, shop, evilmike_ruin_ashenzari
D:7:      minmay_blocky_corners, layout_basic, lemuel_crystal_altar,
          serial_shops, nicolae_shop_waterfront
D:8:      layout_rooms, overflow_temple_1_default, grunt_livestock, minivault_10
D:9:      layout_long_grid, gammafunk_temple_of_torment, old_standard_altar,
          slow_altar_1
D:10:     layout_loops_ring, orc_0_dummy, gammafunk_ghost_spectres, uniq_harold
D:11:     layout_basic, dpeg_oklobed_lair, gauntlet_entry_generic
D:12:     minmay_strange_plus, layout_gridville,
          nicolae_gozag_cash_rules_everything_around_me, uniq_urug, uniq_nessos
D:13:     minmay_distorted_concentric_squares, layout_long_grid,
          grunt_vaults_entry_fortified, uniq_sonja
D:14:     layout_gridville, okawaru_ov_weapons_minmay, serial_glass,
          glass_columns_b, glass_columns_a
D:15:     grunt_enter_depths_hoard, layout_rooms, minmay_misc_feat_rows
Temple:   hc_temple_tempest_star
Lair:1:   layout_regular_city, dpeg_stationary_puzzle
Lair:2:   regret_index_tunnel_blossom, layout_regular_city
Lair:3:   layout_roguey, minmay_shoals_entry_beasts, serial_bayou_shore_a
Lair:4:   layout_layer_cave, wad_woods_antlair, grunt_megastairs_3
Lair:5:   layout_misc_corridors, slime_altar_1, gammafunk_ghost_arena,
          wad_woods_road_03, cheibrodos_lair_lostbears, uniq_snorg
Lair:6:   wormcave, layout_gridlike, guppyfry_lair_end_dragon,
          gammafunk_ghost_ooze, minivault_24, minmay_lair_oklob_chamber
Shoals:1: layout_shoals, nicolae_shoals_dead_sea_scrolls, uniq_kirke,
          uniq_jorgrun, uniq_roxanne, uniq_donald
Shoals:2: cheibrodos_shoals_satyrical_garden, layout_shoals
Shoals:3: layout_shoals, nicolae_shoals_c_island
Shoals:4: shoals_end_simple, layout_shoals, shoals_ilsuiw_alternative,
          serial_shops, shop, nicolae_shoals_isolated_beach
Snake:1:  layout_chambers, portal_ice_cave_entry_pillars_three,
          guppyfry_snake_island
Snake:2:  layout_gridlike, grunt_megastairs_5
Snake:3:  layout_cave_pods
Snake:4:  snake_pit, layout_basic, uniq_aizul, uniq_agnes
Orc:1:    layout_caves
Orc:2:    st_orc_rangers, layout_diamond_mine

Skill      XL: |  1  2  3  4  5  6  7  8  9 10 11 12 13 14 15 16 17 18 |
---------------+-------------------------------------------------------+-----
Spellcasting   | 3 4 6 |  6.0
Stealth        | 5 7 8 12 13 15 19 22 24 26 27 | 27.0
Short Blades   | 2 4 5 8 9 10 | 10.0
Shields        | 1 4 6 7 |  7.2
Hexes          | 6 8 9 10 13 14 | 14.0
Fighting       | 2 3 4 6 9 10 | 10.3
Dodging        | 6 8 10 13 15 | 15.0
Invocations    | 6 9 12 | 12.0
Evocations     | 8 |  8.0
Charms         | 6 |  6.0
Translocations | 6 |  6.0
Necromancy     | 4 |  4.0

Action                   |  1- 3 |  4- 6 |  7- 9 | 10-12 | 13-15 | 16-18 || total
-------------------------+-------+-------+-------+-------+-------+-------++-------
Melee: Dagger            |   103 |   170 |   308 |   338 |  1148 |   915 ||  2982
Throw: Dart              |    42 |    10 |    13 |    17 |    65 |     4 ||   151
 Cast: Corona            |    26 |     9 |       |       |       |       ||    35
       Ensorcelled Hiber |    25 |    33 |    83 |   216 |   353 |   332 ||  1042
       Confusing Touch   |       |       |    15 |    10 |    72 |    98 ||   195
       Confuse           |       |       |     1 |     3 |    31 |    11 ||    46
       Regeneration      |       |       |       |       |    40 |    32 ||    72
       Shroud of Golubri |       |       |       |       |     1 |     1 ||     2
       Tukima's Dance    |       |       |       |       |       |    32 ||    32
       Apportation       |       |       |       |       |       |     3 ||     3
       Blink             |       |       |       |       |       |     3 ||     3
Invok: Shadow Step       |       |       |       |     1 |       |     4 ||     5
       Shadow Form       |       |       |       |       |       |     2 ||     2
 Abil: Evoke Invisibilit |       |       |       |       |     1 |       ||     1
Evoke: Lightning rod     |       |       |       |     4 |       |       ||     4
       Wand              |       |       |       |       |     4 |     4 ||     8
  Use: Scroll            |     1 |     5 |    10 |    10 |    19 |     4 ||    49
       Potion            |       |       |       |       |     5 |     8 ||    13
 Stab: Sleeping          |    24 |    34 |    52 |   152 |   248 |   263 ||   773
       Confused          |       |       |    12 |    11 |    90 |    92 ||   205
       Distracted        |       |       |       |     1 |    16 |     2 ||    19
  Eat: Ration            |       |     2 |     3 |     4 |     9 |     8 ||    26
Armor: Robe              |    15 |    14 |    12 |     7 |    30 |    13 ||    91
       Swamp dragon scal |       |       |       |       |     3 |    44 ||    47
Dodge: Dodged            |   115 |   137 |   175 |   182 |   635 |   689 ||  1933
Block: Buckler           |       |       |    33 |    79 |   241 |   300 ||   653

Table legend:
 A = Non-vault XP
 B = Vault XP
 C = Vault XP percentage of total XP
 D = Non-vault monster count
 E = Vault monster count
 F = Vault count percentage of total count
                 A         B        C        D         E       F
            +---------+---------+-------+---------+---------+-------
      Total |  233683 |  109073 |  31.8 |     862 |     307 |  26.3
            +---------+---------+-------+---------+---------+-------
        D:1 |      33 |       7 |  17.5 |      20 |       3 |  13.0
        D:2 |      36 |     297 |  89.2 |      22 |      15 |  40.5
        D:3 |     120 |     132 |  52.4 |      33 |       1 |   2.9
        D:4 |     621 |       0 |   0.0 |      32 |       0 |   0.0
        D:5 |     670 |     658 |  49.5 |      17 |       2 |  10.5
        D:6 |     738 |       0 |   0.0 |      21 |       0 |   0.0
        D:7 |     620 |    1323 |  68.1 |      16 |       5 |  23.8
        D:8 |     873 |     979 |  52.9 |      14 |       5 |  26.3
        D:9 |    2140 |    1694 |  44.2 |      19 |       6 |  24.0
       D:10 |    2055 |    2552 |  55.4 |      24 |       7 |  22.6
       D:11 |    6850 |     542 |   7.3 |      41 |       1 |   2.4
       D:12 |    8016 |   12951 |  61.8 |      40 |      13 |  24.5
       D:13 |    6566 |    2133 |  24.5 |      45 |       6 |  11.8
       D:14 |   11098 |       0 |   0.0 |      27 |       0 |   0.0
       D:15 |    7311 |    1958 |  21.1 |      24 |       2 |   7.7
     Lair:1 |    5932 |     169 |   2.8 |      23 |       3 |  11.5
     Lair:2 |    8337 |    6718 |  44.6 |      25 |      46 |  64.8
     Lair:3 |    4391 |     788 |  15.2 |      17 |       2 |  10.5
     Lair:4 |    4020 |    4917 |  55.0 |      18 |      16 |  47.1
     Lair:5 |    7385 |    3880 |  34.4 |      24 |      10 |  29.4
     Lair:6 |   10045 |   12243 |  54.9 |      29 |      38 |  56.7
   Shoals:1 |   16253 |    7408 |  31.3 |      32 |       4 |  11.1
   Shoals:2 |   25347 |    2637 |   9.4 |      46 |       6 |  11.5
   Shoals:3 |   14112 |       0 |   0.0 |      38 |       0 |   0.0
   Shoals:4 |    3994 |    5427 |  57.6 |       9 |      14 |  60.9
    Snake:1 |   20914 |     444 |   2.1 |      38 |       1 |   2.6
    Snake:2 |   17985 |    3466 |  16.2 |      36 |       4 |  10.0
    Snake:3 |   22665 |       0 |   0.0 |      45 |       0 |   0.0
    Snake:4 |   20704 |   24300 |  54.0 |      37 |      40 |  51.9
      Orc:1 |    1267 |       0 |   0.0 |      21 |       0 |   0.0
      Orc:2 |    2585 |    4870 |  65.3 |      29 |      35 |  54.7
      IceCv |       0 |    6580 | 100.0 |       0 |      22 | 100.0
            +---------+---------+-------+---------+---------+-------
